 Dungeon Crawl Stone Soup version 0.30-a0-630-g881e3bac89 (webtiles) character file.

Game seed: 781612032764628730

272166 Majang the Executioner (level 20, 0/157 (179) HPs)
             Began as a Hill Orc Fighter on Jan 12, 2023.
             Was the Champion of Makhleb.
             Slain by a deep elf knight
             ... wielding a +0 scimitar
              (6 damage)
             ... on level 2 of the Elven Halls on Jan 13, 2023.
             The game lasted 03:16:35 (37136 turns).

Majang the Executioner (Hill Orc Fighter)          Turns: 37136, Time: 03:16:35

HP:   0/157 (179)   AC: 26    Str: 34    XL:     20   Next: 25%
MP:   32/32         EV: 16    Int:  8    God:    Makhleb [******]
Gold: 1284          SH: 24    Dex: 10    Spells: 19/19 levels left

rFire   + . .      SeeInvis .    a - +4 broad axe (freeze)
rCold   . . .      Faith    .    H - +1 tower shield {rPois}
rNeg    . . .      Spirit   .    X - +1 chain mail {rF+}
rPois   +          Reflect  +    o - +2 helmet
rElec   .          Harm     .    U - +1 cloak
rCorr   .          Rampage  .    n - +1 pair of gloves
Will    +....                    e - +2 pair of boots {Fly} Stlth
                                 t - amulet of reflection
HPRegen 0.46/turn                I - +6 ring of strength
MPRegen 0.23/turn                k - +5 ring of evasion

@: about to teleport, flying, heavily drained
A: no striking features
}: 2/15 runes: decaying, serpentine
a: Renounce Religion, Minor Destruction, Lesser Servant of Makhleb, Major
Destruction, Greater Servant of Makhleb


You were on level 2 of the Elven Halls.
You worshipped Makhleb.
Makhleb was exalted by your worship.
You visited 7 branches of the dungeon, and saw 30 of its levels.
You also visited: Ice Cave and Volcano.

You collected 4086 gold pieces.
You spent 2802 gold pieces at shops.

Inventory:

Hand Weapons
 a - a +4 broad axe of freezing (weapon)
 b - the +8 trishula "Condemnation" {holy, anguish, *Noise Fly rN+}
   (You took it off a nagaraja on level 4 of the Snake Pit)

   It inflicts anguish, making its victims' attacks reflect back on them.
   rN:        It protects you from negative energy.
   Fly:       It grants you flight.
   *Noise:    It may make noises in combat.
 V - a +0 broad axe of flaming
Missiles
 h - 4 javelins
 v - 26 boomerangs (quivered)
 y - a throwing net
 K - 6 silver javelins
Armour
 e - a +2 pair of boots of flying (worn)
 n - a +1 pair of gloves (worn)
 o - a +2 helmet (worn)
 s - a +1 chain mail of cold resistance
 H - a +1 tower shield of poison resistance (worn)
 U - a +1 cloak (worn)
 X - a +1 chain mail of fire resistance (worn)
Jewellery
 f - a ring of resist corrosion
 k - a +5 ring of evasion (right hand)
 t - an amulet of reflection (around neck)
 x - the ring "Kiel" {Ice Will+}
   (You found it in an ice cave)

   [ring of ice]

   It enhances your ice magic.
   rF:        It makes you vulnerable to fire.
   rC:        It protects you from cold.
   Will:      It increases your willpower.
 z - a ring of see invisible
 I - a +6 ring of strength (left hand)
 Q - an amulet of guardian spirit
Wands
 c - a wand of digging (5)
 d - a wand of polymorph (11)
Scrolls
 j - 2 scrolls of summoning
 m - 13 scrolls of teleportation
 A - 2 scrolls of immolation
 E - a scroll of fog
 G - a scroll of silence
 L - 3 scrolls of fear
 O - 2 scrolls of poison
 T - a scroll of blinking
Potions
 g - 11 potions of attraction
 i - 5 potions of lignification
 l - 7 potions of curing
 r - 3 potions of resistance
 u - 2 potions of invisibility
 B - 6 potions of might
 D - 7 potions of mutation
 F - 4 potions of ambrosia
 J - 4 potions of heal wounds
 N - a potion of berserk rage
 P - a potion of cancellation
 W - 2 potions of haste
Miscellaneous
 q - a phantom mirror


   Skills:
 + Level 15.6 Fighting
 * Level 25.3 Axes
 + Level 10.1 Throwing
 + Level 14.2 Armour
 + Level 10.9 Dodging
 + Level 15.2 Shields
 + Level 16.1 Invocations


You had 19 spell levels left.
You didn't know any spells.
Your spell library contained the following spells:

 Spells                   Type           Power      Damage    Failure   Level
 Apportation              Tloc           0%         N/A       99%         1
 Beastly Appendage        Tmut           0%         N/A       99%         1
 Magic Dart               Conj           0%         1d3       99%         1
 Sandblast                Erth           0%         2d4       99%         1
 Call Imp                 Summ           0%         N/A       100%        2
 Ensorcelled Hibernation  Hex/Ice        0%         N/A       100%        2
 Passwall                 Tmut/Erth      0%         N/A       100%        2
 Poisonous Vapours        Pois/Air       0%         N/A       100%        2
 Static Discharge         Conj/Air       0%         2-2/arc   100%        2
 Wereblood                Tmut           0%         N/A       100%        2
 Gell's Gravitas          Tloc           0%         N/A       100%        3
 Ignite Poison            Fire/Tmut/Pois 0%         N/A       100%        3
 Inner Flame              Hex/Fire       0%         N/A       100%        3
 Mephitic Cloud           Conj/Pois/Air  0%         N/A       100%        3
 Ozocubu's Armour         Ice            0%         N/A       100%        3
 Portal Projectile        Hex/Tloc       0%         N/A       100%        3
 Spider Form              Tmut/Pois      0%         N/A       100%        3
 Stone Arrow              Conj/Erth      0%         3d7       100%        3
 Teleport Other           Tloc           0%         N/A       100%        3
 Tukima's Dance           Hex            0%         N/A       100%        3
 Vhi's Electric Charge    Tloc/Air       0%         N/A       100%        3
 Anguish                  Hex/Necr       0%         N/A       100%        4
 Animate Armour           Summ/Erth      0%         N/A       100%        4
 Cause Fear               Hex            0%         N/A       100%        4
 Leda's Liquefaction      Hex/Erth       0%         N/A       100%        4
 Sticky Flame             Conj/Fire      0%         2d3       100%        4
 Summon Ice Beast         Ice/Summ       0%         N/A       100%        4
 Alistair's Intoxication  Tmut/Pois      0%         N/A       100%        5
 Arcjolt                  Conj/Air       0%         1d10      100%        5
 Blade Hands              Tmut           0%         N/A       100%        5
 Fireball                 Conj/Fire      0%         3d3       100%        5
 Iskenderun's Battlesphe  Conj           0%         2d6       100%        5
 Lee's Rapid Deconstruct  Erth           0%         3d4*      100%        5
 Lightning Bolt           Conj/Air       0%         1d11      100%        5
 Summon Mana Viper        Hex/Summ       0%         N/A       100%        5
 Conjure Ball Lightning   Conj/Air       0%         3x3d6     100%        6
 Dispersal                Tloc           0%         N/A       100%        6
 Statue Form              Tmut/Erth      0%         N/A       100%        6
 Enfeeble                 Hex            0%         N/A       100%        7
 Monstrous Menagerie      Summ           0%         N/A       100%        7
 Orb of Destruction       Conj           0%         9d5       100%        7
 Ozocubu's Refrigeration  Ice            0%         4d7       100%        7
 Borgnjor's Revivificati  Necr           0%         N/A       100%        8
 Discord                  Hex            0%         N/A       100%        8
 Ignition                 Fire           0%         3d3       100%        8
 Lehudib's Crystal Spear  Conj/Erth      0%         10d2      100%        8
 Maxwell's Capacitive Co  Air            0%         ∞         100%        8
 Necromutation            Tmut/Necr      0%         N/A       100%        8
 Death's Door             Necr           0%         N/A       100%        9
 Shatter                  Erth           0%         3d5*      100%        9


Dungeon Overview and Level Annotations

Branches:
Dungeon (12/15)            Temple (1/1) D:4            Lair (5/5) D:11
  Swamp (4/4) Lair:3        Snake (4/4) Lair:3        Slime (0/5) Lair:5
    Orc (2/2) D:11            Elf (2/3) Orc:2         IceCv (visited)
Volcano (visited)

Altars:
Ashenzari
Cheibriados
Dithmenos
Elyvilon
Fedhas
Gozag
Hepliaklqana
Kikubaaqudgha
Makhleb
Nemelex Xobeh
Okawaru
Qazlal
Ru
Sif Muna
Trog
Uskayaw
Vehumet
Wu Jian
Xom
Yredelemnul
Zin
The Shining One
Beogh
Jiyva
Lugonu

Shops:
D:3 (   D:6 *   Orc:2 *[([   Snake:1 *   Snake:2 [   Snake:3 **

Portals:
Abyss: Lair:5

Annotations:
D:7 1 runed translucent door
D:10 3 runed translucent doors, paps's ghost, journeyman OpSu
Snake:3 1 runed translucent door
Orc:2 1 runed translucent door, anet's ghost, journeyman GnDe
Elf:1 2 transporters, Opifex's ghost, journeyman DsFi


Message History

As you read the scroll of teleportation, it crumbles to dust.
You feel strangely unstable.
You feel sick.
You block the +0 trident of venom's attack.
The deep elf zephyrmancer casts a spell at you.
The bolt of lightning hits you!!
The bolt of lightning hits the +0 antimagic long sword.
The +0 antimagic long sword completely resists.
The deep elf zephyrmancer gestures wildly while chanting.
The deep elf zephyrmancer blinks!
The deep elf knight mumbles some strange words.
The deep elf knight seems to speed up.
The deep elf knight gestures wildly while chanting.
The deep elf knight flickers and vanishes!
Deactivating autopickup; reactivate with Ctrl-A.
You block the +0 trident of venom's attack.
You feel sick.
You are no longer poisoned.
You hear some strange, mumbled words.
You slice the +0 antimagic long sword!! You freeze the +0 antimagic long sword.
The +0 antimagic long sword falls from the air.
Makhleb accepts your kill.
The +0 trident of venom hits you from afar!
* * * LOW HITPOINT WARNING * * *
The deep elf knight mumbles some strange words.
The deep elf knight flickers and vanishes!
You block the +0 trident of venom's attack.
The +3 double sword of electrocution hits you!!
* * * LOW HITPOINT WARNING * * *
You are electrocuted!!
* * * LOW HITPOINT WARNING * * *
The deep elf zephyrmancer casts a spell.
The deep elf zephyrmancer blinks!
The deep elf zephyrmancer gestures wildly while chanting.
The deep elf zephyrmancer blinks!
The deep elf pyromancer gestures at you while chanting.
The sticky flame reflects off an invisible shield around you!
The sticky flame hits the deep elf pyromancer!
The deep elf pyromancer is covered in liquid flames!
Something hits you.
You die...

,**,,,,**,,,**,,,**,,,**,,,,,**
,,,,,,,,,,,...............,,,,*
,,,,,,,,,,,...............,,,**
,,,,,,,,,,,,#...........#,,,,,**
,,,,,*,,,,,**#.....§...#**,,,,,*
,,,,***,,,** ##......e## **,,,**
+**** **,,,*##.........##*,,,**
,* **,...#....§......#.,,,** ,*
**,,.......@.(.......,,,,** ,*
*,,,....e...(.)......,,,,,* ,*
**,,.......(.........,,,,** ,*
**,.................,,,** ,*
**,..e..............,,,** ,*
**,,.................,,,,** ,*
*,,,.................,,,,,* ,*
**,,.................,,,,** ,*
**,,,**,,,,,,,,,,,**,,,**


You could see a deep elf pyromancer (burning), 2 deep elf zephyrmancers and 3
dancing weapons.

Vanquished Creatures
  Gastronok (D:8)
  Kirke (Lair:4)
  11 nagarajas
  3 azure jellies
  Aizul (Snake:1)
  2 ghouls
  4 quicksilver oozes (IceCv)
  3 eleionomae (Swamp:4)
  A red draconian (Volcano)
  3 bunyips
  Snorg (D:11)
  A fire dragon (D:11)
  A shambling mangrove (Swamp:2)
  An ice dragon (Swamp:4)
  Fannar (Lair:1)
  5 ogre magi
  3 salamander tyrants (Snake:4)
  A catoblepas (D:11)
  2 ghost crabs
  7 hydras
  9 anacondas
  15 dancing weapons
  A boulder beetle (Lair:5)
  19 two-headed ogres
  14 alligators
  3 thrashing horrors (Lair:5)
  Urug (Lair:2)
  12 naga sharpshooters
  19 naga warriors
  An orc high priest (Elf:1)
  10 shock serpents
  A spriggan berserker (Swamp:3)
  2 deep elf knights (Elf:1)
  2 goliath frogs (Swamp:1)
  4 skeletal warriors (D:12)
  5 salamander mystics
  2 spriggan druids
  2 sea snakes (Snake:1)
  A spriggan simulacrum (Swamp:3)
  A swamp dragon (Swamp:2)
  3 deep elf archers
  9 bog bodies
  8 naga ritualists
  A lindwurm (Lair:5)
  An orange crystal statue (IceCv)
  A wolf spider zombie (D:12)
  2 orc knights (Orc:1)
  12 mana vipers
  A wolf spider (D:11)
  Pikel (D:6)
  9 deep elf pyromancers
  8 deep elf zephyrmancers
  4 cyclopes
  7 ugly things
  2 orc sorcerers (Orc:1)
  13 salamanders
  2 will-o-the-wisps
  16 slime creatures (IceCv)
  Maurice (D:9)
  5 guardian serpents
  2 molten gargoyles (Volcano)
  34 black mambas
  16 elephants
  A torpor snail (Lair:5)
  22 naga magi
  2 smoke demons (Lair:5)
  12 cane toads
  An unseen horror (D:11)
  Psyche (D:8)
  A yaktaur (D:11)
  An efreet (D:11)
  5 rime drakes
  7 komodo dragons
  A komodo dragon (shapeshifter) (Elf:1)
  5 freezing wraiths
  An anaconda simulacrum (Swamp:3)
  A queen bee (Lair:2)
  6 trolls
  An ancient zyme (Lair:5)
  2 meliai (Lair:2)
  3 polar bears
  11 tyrant leeches
  Grinder (D:5)
  12 hornets
  17 dream sheep (Lair:5)
  17 blink frogs
  A meliai zombie (D:12)
  4 air elementals (Elf:1)
  12 spriggans
  A vampire (D:12)
  2 ynoxinuls (Lair:5)
  5 shadows
  Eustachio (D:6)
  2 wraiths (D:12)
  7 wyverns
  3 fire elementals
  2 fire bats (Volcano)
  7 hogs (Lair:4)
  10 basilisks
  26 yaks
  2 swamp worm simulacra (Swamp:4)
  6 small abominations (Lair:5)
  A hog (shapeshifter) (Lair:5)
  10 vampire mosquitoes
  4 chaos spawn (Lair:5)
  2 minotaur simulacra (Swamp:3)
  A harpy simulacrum (Swamp:3)
  2 steam dragons
  11 swamp worms
  An acid dragon (D:5)
  59 nagas
  3 wargs
  18 water moccasins
  14 hydra simulacra (Swamp:4)
  19 orc warriors
  3 black bears
  2 swamp drakes (Swamp:1)
  An alligator simulacrum (Swamp:3)
  A black bear (shapeshifter) (Elf:1)
  2 ice beasts (D:7)
  5 great orb of eyes simulacra (IceCv)
  7 wolves
  7 centaurs
  34 ogres
  6 slime creature simulacra (IceCv)
  A kobold brigand (D:10)
  13 bullfrogs
  A deep troll simulacrum (Swamp:3)
  2 glowing shapeshifter simulacra (IceCv)
  5 necrophages
  An earth elemental (Elf:2)
  A scorpion (D:4)
  12 wights
  A water moccasin zombie (D:4)
  9 jellies
  A lindwurm simulacrum (Swamp:3)
  64 killer bees
  6 electric eels
  9 howler monkeys
  4 lava snakes (Volcano)
  3 hounds
  11 orc priests
  4 iguanas
  A gnoll bouda (D:5)
  A human zombie (D:4)
  A scorpion zombie (D:4)
  Ijyb (D:4)
  12 orc wizards
  A hell rat (Lair:2)
  3 hound zombies (D:4)
  A mummy (D:4)
  Robin (D:2)
  8 gnolls
  4 adders
  A shadow imp (D:5)
  A white imp (D:5)
  5 swamp drake simulacra (Swamp:4)
  4 ufetubi
  2 worms
  2 dart slugs
  62 orcs
  4 bats
  8 endoplasms
  2 giant cockroaches
  16 hobgoblins
  4 quokkas
  8 ball pythons
  3 frilled lizards (D:1)
  19 goblins
  14 kobolds
  10 rats
1117 creatures vanquished.

Vanquished Creatures (collateral kills)
  Mlioglotl (Swamp:2)
  An azure jelly (IceCv)
  A rockslime (IceCv)
  An ice dragon (Swamp:4)
  2 slime creatures (IceCv)
  3 hornets
  A tyrant leech (Swamp:2)
  A swamp worm simulacrum (Swamp:4)
  A hydra simulacrum (Swamp:4)
  A great orb of eyes simulacrum (IceCv)
  A glowing shapeshifter simulacrum (IceCv)
14 creatures vanquished.

Vanquished Creatures (others)
  An alligator (Swamp:4)
  A deep elf archer (Elf:1)
  2 deep elf zephyrmancers (Elf:1)
  A deep elf pyromancer (Elf:1)
  A black mamba (Snake:3)
  4 bloated husks
  A swamp worm (Swamp:4)
  A great orb of eyes simulacrum (IceCv)
  A bush (D:9)
  12 foxfires
  14 fungi
  32 plants
  3 withered plants (D:12)
74 creatures vanquished.

Grand Total: 1205 creatures vanquished

Notes
Turn   | Place    | Note
-------+----------+-------------------------------------------
     0 | D:1      | Majang the Hill Orc Fighter began the quest for the Orb.
     0 | D:1      | Reached XP level 1. HP: 19/19 MP: 1/1
   150 | D:1      | Reached skill level 3 in Axes
   200 | D:1      | Reached XP level 2. HP: 27/27 MP: 2/2
   226 | D:1      | Found a faded altar of an unknown god.
   452 | D:1      | Reached skill level 4 in Axes
   466 | D:1      | Reached XP level 3. HP: 33/33 MP: 3/3
  1229 | D:2      | Reached XP level 4. HP: 41/41 MP: 4/4
  1309 | D:2      | Noticed Robin
  1322 | D:2      | Reached skill level 5 in Axes
  1324 | D:2      | Killed Robin
  1776 | D:3      | Found Lubeorec's Weapon Boutique.
  1947 | D:3      | Reached XP level 5. HP: 46/47 MP: 5/5
  2254 | D:4      | Noticed an ogre
  2255 | D:4      | Found a staircase to the Ecumenical Temple.
  2259 | D:4      | Killed an ogre
  2268 | Temple   | Entered the Ecumenical Temple
  2342 | Temple   | Became a worshipper of Makhleb the Destroyer
  2367 | D:4      | Reached skill level 5 in Fighting
  2463 | D:4      | Noticed Ijyb
  2495 | D:4      | Reached skill level 6 in Axes
  2495 | D:4      | Reached skill level 1 in Dodging
  2495 | D:4      | Reached XP level 6. HP: 47/56 MP: 6/6
  2515 | D:4      | Killed Ijyb
  2660 | D:4      | Reached skill level 1 in Invocations
  3012 | D:4      | Reached * piety under Makhleb
  3103 | D:4      | HP: 1/56 [orc priest/nerve-wracking pain (12)]
  3654 | D:4      | Reached XP level 7. HP: 51/61 MP: 8/8
  3748 | D:4      | Reached skill level 7 in Axes
  3776 | D:4      | Found a basalt altar of Yredelemnul.
  3871 | D:4      | Reached XP level 8. HP: 64/70 MP: 10/10
  3927 | D:5      | Entered Level 5 of the Dungeon
  4294 | D:5      | Found a glowing golden altar of the Shining One.
  4294 | D:5      | Found a sacrificial altar of Ru.
  4342 | D:5      | Reached skill level 8 in Axes
  4708 | D:5      | Noticed Grinder
  4726 | D:5      | Killed Grinder
  4727 | D:5      | Reached skill level 5 in Armour
  4727 | D:5      | Reached skill level 5 in Shields
  4833 | D:5      | Identified the +0 chain mail of Trumpets {rN+}
  4867 | D:5      | Reached ** piety under Makhleb
  5324 | D:6      | Noticed Eustachio
  5334 | D:6      | Reached skill level 9 in Axes
  5334 | D:6      | Reached XP level 9. HP: 78/78 MP: 12/12
  5356 | D:6      | Killed Eustachio
  5657 | D:6      | Reached skill level 5 in Invocations
  5721 | D:6      | Noticed Pikel
  5734 | D:6      | Killed Pikel
  5902 | D:6      | Found Pylesac's General Store.
  6043 | D:6      | Reached skill level 10 in Axes
  6681 | D:7      | Reached XP level 10. HP: 75/86 MP: 14/14
  6784 | D:7      | Reached *** piety under Makhleb
  6944 | D:7      | Noticed a sixfirhy
  6945 | D:7      | Found a runed translucent door.
  7075 | D:8      | HP: 5/132 [vampire mosquito (3)]
  7248 | D:8      | Reached skill level 11 in Axes
  7956 | D:8      | Found a white marble altar of Elyvilon.
  8079 | D:8      | Found an iron altar of Okawaru.
  8105 | D:8      | Noticed Gastronok
  8135 | D:8      | Killed Gastronok
  8255 | D:8      | Paralysed by a hornet for 2 turns
  8261 | D:8      | Reached skill level 12 in Axes
  8373 | D:8      | Noticed Psyche
  8395 | D:8      | Killed Psyche
  8396 | D:8      | Reached XP level 11. HP: 91/95 MP: 16/16
  8414 | D:8      | Reached skill level 5 in Dodging
  8930 | D:9      | Reached **** piety under Makhleb
  8947 | D:9      | Found a bloodstained altar of Trog.
  9018 | D:9      | Noticed Maurice
  9036 | D:9      | Killed Maurice
  9311 | D:10     | Entered Level 10 of the Dungeon
  9336 | D:10     | Found a shimmering altar of Xom.
  9347 | D:10     | Reached skill level 13 in Axes
  9400 | D:10     | Found a runed translucent gate.
  9401 | D:10     | Found a runed translucent gate.
  9402 | D:10     | Found a runed translucent gate.
  9402 | D:10     | Identified the +6 chain mail of Ojahaem {rF+}
  9402 | D:10     | Noticed paps's ghost (journeyman OpSu)
  9415 | D:10     | Found a roughly hewn altar of Beogh.
  9495 | D:10     | Found a snail-covered altar of Cheibriados.
  9508 | D:10     | Noticed a brown ugly thing
  9514 | D:10     | Killed a brown ugly thing
  9846 | D:10     | Reached skill level 1 in Throwing
  9916 | D:10     | Noticed a purple ugly thing
  9928 | D:10     | Killed a purple ugly thing
  9958 | D:10     | Found a blossoming altar of Fedhas.
  9960 | D:10     | Found a broken altar of Ashenzari.
  9964 | D:10     | Found a radiant altar of Vehumet.
 10304 | D:11     | Noticed Snorg
 10317 | D:11     | Killed Snorg
 10366 | D:11     | Identified the +9 quarterstaff "Muetzecs" {drain, Contam
                  | Fly Dex+5 SInv}
 10388 | D:11     | Noticed a cyclops
 10394 | D:11     | Killed a cyclops
 10395 | D:11     | Reached XP level 12. HP: 70/105 MP: 18/18
 10610 | D:11     | Reached ***** piety under Makhleb
 10763 | D:11     | Found a staircase to the Lair.
 10778 | D:11     | Reached skill level 14 in Axes
 10890 | D:11     | Identified the +2 robe of the Orb {rN+ rCorr}
 10922 | D:11     | Found a staircase to the Orcish Mines.
 11067 | D:11     | Noticed a catoblepas
 11082 | D:11     | Killed a catoblepas
 11102 | D:11     | Noticed a fire dragon
 11114 | D:11     | Killed a fire dragon
 11115 | D:11     | Reached skill level 10 in Fighting
 11432 | Orc:1    | Entered Level 1 of the Orcish Mines
 11626 | Orc:1    | Paralysed by an orc sorcerer for 3 turns
 11709 | Orc:1    | Found Emenucuh's Overcharged Wands.
 12056 | Orc:2    | Entered Level 2 of the Orcish Mines
 12168 | Orc:2    | Reached skill level 10 in Invocations
 12189 | Orc:2    | Found a runed translucent door.
 12189 | Orc:2    | Noticed anet's ghost (journeyman GnDe)
 12246 | Orc:1    | Reached skill level 15 in Axes
 12408 | Orc:1    | You fall into a shaft and drop 1 floor!
 12520 | Orc:2    | Reached XP level 13. HP: 114/114 MP: 20/20
 12553 | Orc:2    | Reached ****** piety under Makhleb
 12617 | Orc:2    | Reached skill level 16 in Axes
 12618 | Orc:2    | HP: 3/116 [two-headed ogre/+0 giant club (22)]
 12740 | Orc:2    | Reached skill level 10 in Armour
 12921 | Orc:2    | Found Yxoxich's General Store.
 12921 | Orc:2    | Found Ybboriu's Weapon Boutique.
 12921 | Orc:2    | Found Kinips's Antique Armour Boutique.
 12921 | Orc:2    | Found Mewicag's Armour Emporium.
 12931 | Orc:2    | Reached skill level 10 in Shields
 12943 | Orc:2    | Found a staircase to the Elven Halls.
 13169 | Orc:2    | Bought a +0 broad axe of venom for 81 gold pieces
 13175 | Orc:2    | Bought a shiny helmet for 262 gold pieces
 13175 | Orc:2    | Bought a shiny chain mail for 262 gold pieces
 13175 | Orc:2    | Bought a runed buckler for 262 gold pieces
 13326 | Orc:2    | Bought a scroll of identify for 30 gold pieces
 13326 | Orc:2    | Bought a potion of flight for 45 gold pieces
 13326 | Orc:2    | Bought a potion of curing for 45 gold pieces
 13429 | Lair:1   | Entered Level 1 of the Lair of Beasts
 13509 | Lair:1   | Upgraded the game from 0.30-a0-627-gc11e7ae810 to
                  | 0.30-a0-630-g881e3bac89
 13531 | Lair:1   | Reached skill level 5 in Throwing
 14020 | D:12     | Reached XP level 14. HP: 124/124 MP: 22/22
 14257 | D:12     | Found a shimmering blue altar of Sif Muna.
 14783 | Lair:1   | Noticed Fannar
 14880 | Lair:1   | Killed Fannar
 15358 | Lair:2   | Reached skill level 17 in Axes
 15500 | Lair:2   | Noticed Urug
 15508 | Lair:2   | Killed Urug
 15973 | Lair:2   | Identified the +4 dagger "Bipaa" {antimagic, rF+ rN+ Str+3}
 16347 | Lair:3   | Identified the +0 leather armour "Cemungis" {rF- Str+3}
 16448 | Lair:3   | Found a staircase to the Swamp.
 16859 | Lair:3   | Found a staircase to the Snake Pit.
 17284 | Lair:4   | Noticed Kirke
 17297 | Lair:4   | Killed Kirke
 17298 | Lair:4   | Reached XP level 15. HP: 133/133 MP: 24/24
 17708 | Lair:5   | Entered Level 5 of the Lair of Beasts
 17724 | Lair:5   | Reached skill level 18 in Axes
 17824 | Lair:5   | Found a dark tunnel.
 17833 | Volcano  | Entered a volcano
 17987 | Volcano  | Found a burning altar of Makhleb.
 18004 | Volcano  | Paralysed by something for 3 turns
 18673 | Lair:5   | Found a viscous altar of Jiyva.
 18673 | Lair:5   | Found a staircase to the Slime Pits.
 19181 | Lair:5   | Reached skill level 19 in Axes
 19210 | Lair:5   | Found a corrupted altar of Lugonu.
 19210 | Lair:5   | Found a one-way gate to the infinite horrors of the Abyss.
 19578 | Swamp:1  | Entered Level 1 of the Swamp
 19637 | Swamp:1  | Reached XP level 16. HP: 108/143 MP: 17/25
 20471 | Swamp:2  | Reached skill level 20 in Axes
 21072 | Swamp:2  | Noticed Mlioglotl
 21084 | Swamp:2  | Killed Mlioglotl
 21531 | Swamp:3  | Found a frozen archway.
 21680 | IceCv    | Entered an ice cave
 22195 | IceCv    | Reached skill level 21 in Axes
 22348 | IceCv    | Noticed an azure jelly
 22350 | IceCv    | Noticed an Executioner
 22354 | IceCv    | Noticed an azure jelly
 22354 | IceCv    | Noticed a rockslime
 22358 | IceCv    | Noticed an azure jelly
 22361 | IceCv    | Killed an azure jelly
 22364 | IceCv    | Killed an azure jelly
 22534 | IceCv    | Killed an azure jelly
 22739 | IceCv    | Killed a rockslime
 22887 | IceCv    | Found a viscous altar of Jiyva.
 22901 | IceCv    | Identified the +0 ring mail of Conscience {Regen+}
 22908 | IceCv    | Got the ring "Kiel" {Ice Will+}
 23683 | Swamp:3  | Reached XP level 17. HP: 151/151 MP: 27/27
 23834 | Swamp:4  | Entered Level 4 of the Swamp
 24597 | Swamp:4  | Reached skill level 22 in Axes
 25478 | Swamp:4  | Got a decaying rune of Zot
 25806 | Snake:1  | Entered Level 1 of the Snake Pit
 26679 | Snake:1  | Found Olydwirgh's General Store.
 26922 | Snake:1  | Noticed Aizul
 26936 | Snake:1  | Killed Aizul
 27295 | Snake:2  | Found Zesi's Armour Boutique.
 27401 | Snake:2  | Reached skill level 23 in Axes
 27898 | Snake:2  | Reached skill level 10 in Dodging
 29449 | Snake:3  | Reached skill level 15 in Invocations
 29453 | Snake:3  | Reached XP level 18. HP: 160/161 MP: 27/29
 29604 | Snake:3  | Found Eha Okheaned's Assorted Antiques.
 29613 | Snake:3  | Bought a scroll of teleportation for 75 gold pieces
 29613 | Snake:3  | Bought a potion of berserk rage for 125 gold pieces
 29613 | Snake:3  | Bought a scroll of enchant armour for 187 gold pieces
 29613 | Snake:3  | Found Odwaby's General Store.
 29626 | Snake:3  | Bought a scroll of acquirement for 728 gold pieces
 29627 | Snake:3  | Acquired 1082 gold pieces
 29630 | Snake:3  | Bought a potion of experience for 700 gold pieces
 29630 | Snake:3  | Reached XP level 19. HP: 168/168 MP: 30/30
 30501 | Snake:3  | Found a runed translucent door.
 30529 | Snake:3  | Reached skill level 24 in Axes
 30741 | Snake:4  | Entered Level 4 of the Snake Pit
 32280 | Snake:4  | Reached skill level 15 in Fighting
 32457 | Snake:4  | Got Poucoril's Vellum of the Mountains and Conduction
 35026 | Snake:4  | Reached skill level 25 in Axes
 35026 | Snake:4  | Reached skill level 15 in Shields
 35246 | Snake:4  | Got a serpentine rune of Zot
 35622 | Elf:1    | Entered Level 1 of the Elven Halls
 35687 | Elf:1    | Paralysed by an air elemental for 1 turns
 35692 | Elf:1    | Paralysed by an air elemental for 1 turns
 35765 | Elf:1    | Noticed Opifex's ghost (journeyman DsFi)
 35768 | Elf:1    | Found a transporter.
 35781 | Elf:1    | Reached skill level 10 in Throwing
 35781 | Elf:1    | Reached XP level 20. HP: 168/175 MP: 31/31
 35781 | Elf:1    | Paralysed by an air elemental for 1 turns
 35878 | Elf:1    | Found a transporter.
 36017 | Elf:1    | Identified the +1 scale mail "Moesohemerch" {Dex+2}
 36619 | Elf:2    | Paralysed by an air elemental for 1 turns
 37136 | Elf:2    | HP: 6/157 [+3 double sword of electrocution (19)]
 37136 | Elf:2    | Slain by a deep elf knight

Illustrated notes

Levels and vault maps discovered:
D:1:      dpeg_arrival_water_fire, layout_loops_ring,
          hellmonk_ecumenical_altar_slurped_away
D:2:      kennysheep_big_flooded_room, layout_basic, uniq_robin
D:3:      layout_loops_cross, serial_shops,
          nicolae_shop_competitors_out_of_business, minmay_box_of_dots
D:4:      layout_basic, lemuel_mausoleum_altar_yredelemnul,
          minmay_temple_entry_slanted, nicolae_goblin_pals
D:5:      layout_gridville, jmf_multi_god_temple, uniq_grinder
D:6:      layout_layer_cave, serial_shops, nicolae_shop_statue_plus,
          st_stairs_3, nicolae_fountain_basement, uniq_pikel, uniq_eustachio
D:7:      cheibrodos_shockbox, layout_rooms
D:8:      layout_rooms, elyvilon_altar_1, okawaru_gym_becter, uniq_gastronok,
          uniq_psyche
D:9:      layout_cave_pools, mainiacjoe_overflow_boulevard, uniq_maurice
D:10:     layout_stronghold, mainiacjoe_overflow_chevrons,
          mainiacjoe_overflow_cross_hatched, grunt_temple_overflow_diamond,
          serial_rivers, chequers_serial_rivers_small_3,
          chequers_serial_rivers_room_a, chequers_serial_rivers_micro_b,
          chequers_serial_rivers_micro_d, biasface_ghost_orc_armoury
D:11:     minmay_curly_fans, layout_stronghold, lair_entry_dummy,
          david_orc_1_choice, uniq_snorg
D:12:     layout_irregular_city, serial_undead, serial_undead_f,
          serial_undead_d, serial_undead_b, serial_undead_a, tgw_sif
Temple:   nicolae_temple_bog_church
Lair:1:   layout_cave_pods, uniq_fannar
Lair:2:   regret_index_combs_of_tragedy, layout_loops_ring, grunt_megastairs_2,
          uniq_urug
Lair:3:   layout_misc_corridors, nicolae_swamp_entry_splash_gauntlet,
          nicolae_snake_entry_squirm
Lair:4:   layout_regular_city, uniq_kirke
Lair:5:   hellmonk_lair_end_abyssal_woods, layout_long_grid,
          nicolae_slime_entry_field_trip, nicolae_volcano_entry_hallway,
          nzn_sisyphean_effort, serial_bayou_shore_a
Swamp:1:  layout_basic_swamp, evilmike_swamp_ruin_house_2, swamp_pool1
Swamp:2:  layout_basic_swamp, nicolae_swamp_stair_fork, uniq_mlioglotl
Swamp:3:  layout_falls_marsh, portal_ice_cave_entry_ice_simulacra,
          hangedman_swamp_ruin_wall
Swamp:4:  swamp_icy, layout_basic_swamp
Snake:1:  layout_gridlike, serial_shops, nicolae_shop_hallway_stairs,
          serial_bayou_ford_a, grunt_megastairs_1, uniq_aizul
Snake:2:  layout_honeycomb, serial_shops, nicolae_square_shop
Snake:3:  cheibrodos_toxic_ritual, layout_basic, statue_in_the_mist_lemuel,
          minmay_shop_star
Snake:4:  minmay_snake_end_coiled, layout_rooms, nicolae_snake_storage_room
Orc:1:    nicolae_orc_accident_3, layout_diamond_mine,
          nicolae_shop_overcharged_wands
Orc:2:    st_orc_ogre_mass, layout_caves, gammafunk_ghost_grave
Elf:1:    layout_geoelf_octagon, gammafunk_ghost_arena,
          hangedman_corner_corridor
Elf:2:    elven_hall_of_blades_hangedman_alternative
          [nooodl_blade_entry_preview], layout_rooms,
          gammafunk_ghost_berserking_beasts, nrook_mini_backslash

Skill      XL: |  1  2  3  4  5  6  7  8  9 10 11 12 13 14 15 16 17 18 19 20 |
---------------+-------------------------------------------------------------+-----
Axes           | 3 4 5 6 7 9 10 12 13 15 16 17 19 21 23 25 | 25.3
Fighting       | 4 5 6 7 8 9 10 11 12 13 14 15 | 15.6
Dodging        | 1 2 3 4 5 6 7 8 9 10 | 10.9
Invocations    | 1 3 4 6 7 8 10 11 12 13 14 15 16 | 16.1
Shields        | 4 5 6 7 8 9 10 11 12 13 14 15 | 15.2
Armour         | 4 5 6 7 8 9 10 11 12 13 14 | 14.2
Throwing       | 1 3 5 6 7 8 9 10 | 10.1

Action                   |  1- 3 |  4- 6 |  7- 9 | 10-12 | 13-15 | 16-18 | 19-21 || total
-------------------------+-------+-------+-------+-------+-------+-------+-------++-------
Melee: War axe           |   101 |   162 |   265 |   625 |   110 |       |       ||  1263
       Broad axe         |       |       |       |       |   684 |   943 |   642 ||  2269
       Trident           |       |       |       |       |     7 |       |       ||     7
Throw: Boomerang         |       |       |       |     1 |    17 |    32 |    80 ||   130
Invok: Minor Destruction |       |       |     1 |   101 |    47 |    62 |   184 ||   395
       Major Destruction |       |       |       |     1 |       |     2 |     2 ||     5
       Lesser Servant of |       |       |       |     1 |       |       |       ||     1
       Greater Servant o |       |       |       |       |       |     7 |       ||     7
Evoke: Wand              |       |       |       |    16 |     6 |       |       ||    22
  Use: Scroll            |       |     8 |     6 |     9 |    10 |     9 |     6 ||    48
       Potion            |       |     2 |       |    10 |     2 |     4 |     1 ||    19
 Stab: Invisible         |       |       |       |     1 |       |       |       ||     1
       Distracted        |       |       |       |       |     5 |     1 |       ||     6
Armor: Scale mail        |    44 |    28 |       |       |       |       |       ||    72
       Chain mail        |       |     8 |       |   317 |   390 |   334 |   169 ||  1218
       Ring mail         |       |    33 |    86 |    34 |     3 |       |       ||   156
       Skin              |       |       |       |    26 |       |       |       ||    26
Dodge: Dodged            |    47 |    59 |   124 |   279 |   318 |   446 |   259 ||  1532
Block: Buckler           |    17 |    31 |    49 |    68 |   224 |   360 |       ||   749
       Kite shield       |       |       |       |   241 |    63 |       |       ||   304
       Tower shield      |       |       |       |       |       |       |   622 ||   622
       Reflection        |       |       |       |       |       |       |    10 ||    10

Table legend: (Time is in decaauts)
 A = Elapsed time spent in this place.
 B = Non-inter-level travel time spent in this place.
 C = Inter-level travel time spent in this place.
 D = Time resting spent in this place.
 E = Time spent auto-exploring this place.
 F = Levels seen in this place.
 G = Mean time per level.
                   A        B        C        D        E       F      G
               +--------+--------+--------+--------+--------+-----+--------+
         Total |  36811 |  34024 |   2787 |  12292 |   6316 |  32 | 1150.3 |
       Dungeon |  12450 |  11561 |    889 |   3060 |   2695 |  12 | 1037.5 |
        Temple |     97 |     97 |      0 |      0 |      0 |   1 |   97.0 |
          Lair |   5109 |   4457 |    652 |    358 |   1745 |   5 | 1021.8 |
         Swamp |   4626 |   4459 |    167 |   2460 |    426 |   4 | 1156.5 |
     Snake Pit |   9499 |   8902 |    597 |   4979 |    864 |   4 | 2374.8 |
  Orcish Mines |   1975 |   1517 |    458 |    115 |    576 |   2 |  987.5 |
   Elven Halls |   1496 |   1474 |     22 |    605 |     10 |   2 |  748.0 |
      Ice Cave |   1262 |   1262 |      0 |    659 |      0 |   1 | 1262.0 |
       Volcano |    295 |    295 |      0 |     54 |      0 |   1 |  295.0 |
               +--------+--------+--------+--------+--------+-----+--------+

Top non-repeatable levels by time:
 Snake:4: 2940 daAuts
 Snake:3: 2643 daAuts
 Snake:2: 2442 daAuts
     D:4: 1748 daAuts
     D:8: 1669 daAuts
     D:5: 1513 daAuts
 Snake:1: 1472 daAuts
    D:11: 1409 daAuts
 Swamp:2: 1354 daAuts
   Elf:1: 1331 daAuts
  Lair:5: 1315 daAuts
   IceCv: 1262 daAuts
 Swamp:4: 1245 daAuts
 Swamp:3: 1211 daAuts
  Lair:1: 1208 daAuts
